 Dungeon Crawl Stone Soup version 0.23.1 (webtiles) character file.

Game seed: 0

404 1994 the Skirmisher (level 6, -4/66 HPs)
             Began as an Ogre Berserker on Mar 16, 2019.
             Was a Believer of Trog.
             Slain by a two-headed ogre
             ... wielding a +0 giant spiked club
              (12 damage)
             ... on level 4 of the Dungeon.
             The game lasted 00:10:06 (3162 turns).

1994 the Skirmisher (Ogre Berserker)                Turns: 3162, Time: 00:10:06

Health: -4/66      AC:  3    Str: 22    XL:     6   Next: 86%
Magic:  6/6        EV: 11    Int:  8    God:    Trog [**....]
Gold:   62         SH:  0    Dex: 10    Spells: 5/5 levels left

rFire    . . .     SeeInvis .   f - +0 giant club
rCold    . . .     Gourm    .   (shield currently unavailable)
rNeg     . . .     Faith    .   b - +0 animal skin
rPois    .         Spirit   .   (helmet restricted)
rElec    .         Reflect  .   (no cloak)
rCorr    +         Harm     .   (gloves unavailable)
MR       .....                  (boots unavailable)
Stlth    +.........             (no amulet)
HPRegen  0.21/turn              w - ring of resist corrosion
MPRegen  0.10/turn              (no ring)

@: berserk cooldown, slowed, very slow
A: large, unfitting armour, tough skin 1
a: Berserk, Trog's Hand, Renounce Religion


You were on level 4 of the Dungeon.
You worshipped Trog.
Trog was pleased with you.
You were very hungry.

You visited 1 branch of the dungeon, and saw 4 of its levels.

You collected 62 gold pieces.

Inventory:

Hand Weapons
 a - a +0 mace
 f - a +0 giant club (weapon)
 r - a +0 giant spiked club
 v - a +0 whip of freezing
Missiles
 t - 6 needles of confusion
Armour
 b - a +0 animal skin (worn)
Jewellery
 w - a ring of resist corrosion (left hand)
Scrolls
 d - 7 scrolls of identify {unknown}
 h - 2 scrolls of amnesia {unknown}
 l - 3 scrolls of teleportation {unknown}
 m - a scroll of fog {unknown}
 n - a scroll of blinking {unknown}
 o - a scroll of fear {unknown}
 p - a scroll of noise {unknown}
 x - a scroll of magic mapping {unknown}
Potions
 e - a potion of brilliance {unknown}
 g - 2 potions of degeneration {unknown}
 i - 2 potions of haste {unknown}
 j - a potion of agility {unknown}
 k - 2 potions of curing {unknown}
 q - a potion of flight {unknown}
 u - a potion of heal wounds {unknown}
Comestibles
 c - 10 rations


   Skills:
 + Level 5.3 Fighting
 * Level 4.4 Maces & Flails
 - Level 2.0 Throwing
 * Level 4.4 Dodging
 - Level 1.0 Stealth


You had 5 spell levels left.
You didn't know any spells.
Your spell library was empty.

Dungeon Overview and Level Annotations

Branches:
Dungeon (4/15)
 Temple: D:4-7

Altars:
Dithmenos
Elyvilon
Gozag
Makhleb
Uskayaw


Innate Abilities, Weirdness & Mutations

You are too large for most types of armour.
You have tough skin. (AC +1)


Message History

You feel a strong urge to attack something.
You feel sick.
You feel your anger nearly subside.
You are no longer berserk.
You are exhausted.
You feel yourself slow down.
You feel sick.
You feel sick.
You feel sick.
You feel sick.
There is a stone staircase leading down here.
You feel sick.
You feel sick.
The two-headed ogre hits you with a +0 giant spiked club!! x2
* * * LOW HITPOINT WARNING * * *
You feel sick. The two-headed ogre closely misses you.
The two-headed ogre barely misses you.
You feel sick.
You are no longer poisoned.
The two-headed ogre hits you with a +0 giant spiked club!
You die...

### #.# #<# #.# #.# #@#
#O# #.#
################.#######
#.........>.............
#†########.#####.#######
#.# #####.## #.# #.#
#...(..# #.# #.#
#......# #.#


You could see a two-headed ogre.

Vanquished Creatures
  3 ogres (D:4)
  A hound (D:4)
  A worker ant (D:4)
  3 adders
  4 worms
  A dart slug (D:1)
  2 leopard geckos
  3 orcs
  6 bats
  3 giant cockroaches
  4 goblins
  7 hobgoblins
  4 jackals (D:1)
  8 kobolds
  A ball python (D:3)
  6 frilled lizards
  3 rats
60 creatures vanquished.

Notes
Turn   | Place    | Note
-------+----------+-------------------------------------------
     0 | D:1      | 1994 the Ogre Berserker began the quest for the Orb.
     0 | D:1      | Reached XP level 1. HP: 24/24 MP: 1/1
    77 | D:1      | Reached XP level 2. HP: 24/32 MP: 2/2
   686 | D:1      | Reached XP level 3. HP: 37/39 MP: 3/3
   832 | D:2      | Found a burning altar of Makhleb.
   964 | D:2      | Found a hide-covered altar of Uskayaw.
  1021 | D:2      | You fall through a shaft!
  1256 | D:3      | Found a shadowy altar of Dithmenos.
  1298 | D:3      | Found an opulent altar of Gozag.
  1534 | D:3      | Reached XP level 4. HP: 36/49 MP: 4/4
  1800 | D:2      | Reached skill level 1 in Stealth
  1990 | D:3      | Found a white marble altar of Elyvilon.
  2027 | D:3      | Reached ** piety under Trog
  2231 | D:4      | Noticed a centaur
  2232 | D:4      | Noticed a two-headed ogre
  2614 | D:4      | Noticed an ogre
  2627 | D:4      | Killed an ogre
  2627 | D:4      | Reached skill level 1 in Throwing
  2627 | D:4      | Reached XP level 5. HP: 55/55 MP: 5/5
  2690 | D:4      | Noticed an ogre
  2711 | D:4      | Killed an ogre
  2711 | D:4      | Reached skill level 5 in Fighting
  2711 | D:4      | Reached XP level 6. HP: 66/66 MP: 6/6
  3162 | D:4      | Slain by a two-headed ogre

Skill      XL: |  1  2  3  4  5  6 |
---------------+-------------------+-----
Maces & Flails | 3 4 |  4.4
Dodging        | 3 4 |  4.4
Stealth        | 1 |  1.0
Throwing       | 1 2 |  2.0
Fighting       | 5 |  5.3

Action                   |  1- 3 |  4- 6 || total
-------------------------+-------+-------++-------
Melee: Mace              |   110 |    48 ||   158
       Giant club        |       |    30 ||    30
Invok: Berserk           |     1 |     4 ||     5
 Stab: Sleeping          |       |     2 ||     2
  Eat: Chunk             |     3 |     7 ||    10
Armor: Animal skin       |    52 |    13 ||    65
Dodge: Dodged            |    68 |    41 ||   109
